← All builds
Beach sea / Cortex / Economy first / OBSERVED BUILD

Standard beach sea

Cortex Beach sea build order · Supreme Isthmus

The role's usual play: com goes to sea to build a shipyard around 2 minutes, pumping frigates and destroyers to contest enemy sea entry or hold vision, with an advanced metal extractor around 10 minutes as the transition into the team's…

Usually shipyard first (94%)

#naval #eco · 812 distinct matches · 107 players · 84% of Cortex Beach sea games · team won 55% of 877 · Recently observed

HOW TO PLAY IT

Key timing: Shipyard by 1:57

  1. Open 3 mex and wind while com heads straight to sea.
  2. Drop Shipyard fast, before 2:00, to seize early sea presence.
  3. Push "frigate" out to contest enemy sea entry or hold vision.
  4. Add "destroyer" as the fleet grows.
  5. Transition into Advanced Metal Extractor to catch up on eco.

Phase by phase

TYPICAL OF ITS 812 GAMES
  1. 1
  2. 2
  3. 3
PLAY THE OPENING

Follow the example game's first 6:00 step by step: what to build now, what comes next, and where it goes. At 1× it keeps pace with your own game.

  1. 1

    Up to the Shipyard

    Economy
    • Metal Extractor3Mex
    • Wind Turbine3Windfor allies
    • Wind Turbine2Wind
    • Energy Storage1Energy storage
    Order
    1. ShipyardShipyard after 3 mex, 2 wind, 1 energy storagedone ~1:57, middle half 1:44–2:08

    By 1:41 in all: 3 mex · 2 wind · 1 energy storage

    The example game in this phase · 10 steps
    1. Mex ×3
    2. Wind ×4
    3. Bot LabBot Labdone 1:11
    4. Windfor Air
    5. GraverobberGraverobber
    6. Windfor Air
    7. GraverobberGraverobber
    8. Construction BotCon bot ×3
    9. GruntGrunt
    10. ShipyardShipyarddone 3:00 · typical 1:57
  2. 2

    Shipyard to 5:00

    Economy
    • Metal Extractor5Mex
    • Tidal Generator2Tidal
    Builders
    • Construction Ship2 Con ship
    Army
    • Riptide2 Frigate
    • Herring1 Missile corvette
    • Oppressor1 Destroyer
    Other
    • Naval Radar / Sonar Tower1 Naval Radar / Sonar Tower

    Some games also: Urchin (43%) · wind (40%) · submarine (39%) · gunboat (36%) · con turret (35%)

    By 5:00 in all: 8 mex · 3 wind · 2 tidal · 1 energy storage

    The example game in this phase · 13 steps
    1. Mex
    2. Construction ShipCon ship ×2
    3. OrcaSubmarinedone 3:52
    4. Mex
    5. GuardGuard
    6. Mex
    7. RiptideFrigatedone 4:08 · typical 3:52
    8. Mex ×2
    9. RiptideFrigate
    10. HerringMissile corvette
    11. ThistleThistle
    12. Mex ×2
    13. Naval Construction Turret
  3. 3

    5:00 to 10:00

    Economy
    • Metal Extractor1Mex
    • Wind Turbine10Wind
    Builders
    • Death Cavalry1 Death Cavalry
    • Construction Ship1 Con ship
    Army
    • Urchin1 Urchin
    • Riptide5 Frigate
    • Oppressor2 Destroyer
    • Herring2 Missile corvette
    Other
    • Naval Radar / Sonar Tower1 Naval Radar / Sonar Tower

    Some games also: Naval Construction Turret (48%) · Guard (47%) · Radar Tower (41%) · tidal (38%) · con turret (34%)

    By 10:00 in all: 9 mex · 12 wind · 4 wind · 4 tidal · 1 energy storage · 1 Naval Construction Turret

    The example game in this phase · 151 steps
    1. Wind
    2. ShipyardShipyarddone 5:24
    3. OppressorDestroyerdone 6:10 · typical 5:11
    4. Energy storage
    5. Naval Radar / Sonar TowerNaval Radar / Sonar Tower
    6. Wind ×4
    7. GuardGuard
    8. RiptideFrigate
    9. Wind
    10. RiptideFrigate
    11. Wind ×3
    12. RiptideFrigate
    13. Wind ×3
    14. HerringMissile corvette
    15. Wind
    16. Death CavalryDeath Cavalry
    17. Wind
    18. OppressorDestroyer
    19. Con turret
    20. Wind
    21. ShipyardShipyarddone 8:21
    22. RiptideFrigate
    23. Wind
    24. GuardGuard
    25. SupporterGunboat
    26. HerringMissile corvette
    27. Construction ShipCon ship
    28. Wind
    29. GuardGuard
    30. SupporterGunboat
    31. Mex
    32. SupporterGunboat
    33. Con turret
    34. Wind
    35. Mex
    36. Construction ShipCon ship
    37. SupporterGunboat ×2
    38. Naval Construction Turret
    39. Wind
    40. BeholderBeholder
    41. Construction ShipCon ship
    42. SupporterGunboat
    43. Naval Construction Turret
    44. Death CavalryDeath Cavalry
    45. GuardGuard
    46. Con turret
    47. GuardGuard
    48. Construction ShipCon ship
    49. GuardGuard
    50. Naval Construction Turret
    51. Tidal
    52. Radar TowerRadar Tower
    53. Con turret
    54. Death CavalryDeath Cavalry
    55. Tidal ×3
    56. BeholderBeholder
    57. Tidal ×5
    58. Advanced Metal ExtractorT2 mexdone 11:03 · typical 9:58
    59. Tidal
    60. Wind
    61. Tidal ×4
    62. Wind
    63. Mex
    64. Tidal ×3
    65. Wind
    66. Tidal
    67. Death CavalryDeath Cavalry
    68. Tidal
    69. Advanced Metal ExtractorT2 mex
    70. Wind
    71. Tidal ×4
    72. Wind
    73. Tidal ×4
    74. Wind
    75. Tidal
    76. Radar TowerRadar Tower
    77. Tidal ×2
    78. Wind
    79. Advanced Metal ExtractorT2 mex
    80. Wind
    81. Tidal ×3
    82. Advanced ShipyardAdvanced Shipyardnot finished by 15:00
    83. Wind
    84. Naval Construction Turret
    85. Tidal
    86. Wind
    87. Advanced ShipyardAdvanced Shipyarddone 13:14
    88. Wind ×2
    89. Advanced Metal ExtractorT2 mex
    90. Tidal
    91. Wind
    92. Naval Energy Converter
    93. Wind ×2
    94. Tidal
    95. Wind
    96. Naval Energy Converter
    97. Wind
    98. Naval Energy Converter
    99. Con turret
    100. Wind
    101. Tidal
    102. Wind
    103. Naval Energy Converter ×2
    104. Wind
    105. Tidal
    106. Naval Energy Converter
    107. Tidal
    108. Advanced Construction SubAdvanced Construction Sub
    109. Wind
    110. Naval Energy Converter ×2
    111. Tidal
    112. Wind
    113. Tidal
    114. Naval Energy Converter
    115. Wind
    116. PathfinderPathfinder
    117. Tidal
    118. Wind
    119. PathfinderPathfinder
    120. Wind
    121. Naval Energy Converter ×2
    122. PathfinderPathfinder
    123. Wind
    124. Converter
    125. Naval Advanced Metal ExtractorNaval Advanced Metal Extractordone 14:10
    126. Wind
    127. PathfinderPathfinder
    128. Naval Energy Converter
    129. Wind
    130. Converter
    131. Advanced Construction SubAdvanced Construction Sub
    132. Wind
    133. Naval Energy Converter ×2
    134. Converter
    135. Wind
    136. Naval Radar / Sonar TowerNaval Radar / Sonar Tower
    137. DespotBattleshipdone 14:56
    138. Converter
    139. Wind
    140. Con turret
    141. Naval Energy Converter ×2
    142. Wind
    143. Naval Energy Converter
    144. Con turret
    145. Converter
    146. Naval Advanced Metal ExtractorNaval Advanced Metal Extractor
    147. Naval Energy Converter
    148. Naval Advanced Metal ExtractorNaval Advanced Metal Extractor
    149. Wind
    150. Converter
    151. Con turret

Counts are medians over the build's games: half of them build more, half fewer. The example game is avaken's (42 OS, 09/08/2026); pick another.

Team trades

IN AT LEAST 30% OF ITS GAMES

You hand over

  • Wind Turbine3 Wind to Airfirst at 1:52 · in 79% of games

You get

  • Finch1 Finch from Airfirst at 1:58 · in 82% of games
  • Lazarus1 Lazarus from Geofirst at 2:13 · in 62% of games
  • Hephaestus1 Heavy transport from Airfirst at 2:16 · in 68% of games
  • Construction Bot1 Con bot from Geofirst at 2:28 · in 69% of games
  • Hercules1 Light transport from Airfirst at 2:34 · in 32% of games
  • Advanced Construction Bot1 T2 con bot from Techfirst at 8:09 · in 88% of games

How it plays out

Typical game of this build, running totals by minute

Metal produced

010k20k30k
0:005:0010:0015:00

metal

Enemy metal destroyed

05k10k
0:005:0010:0015:00

metal

Own metal lost

02.5k5k7.5k
0:005:0010:0015:00

metal

877 games.

Show as table
ByMetal produced: This buildEnemy metal destroyed: This buildOwn metal lost: This build
1:0040300
2:0093700
3:00156800
4:0025312150
5:003701197100
6:005032534254
7:0064761096590
8:00807618331031
9:00968328541610
10:001159239942340
11:001382252133090
12:001635261643821
13:001911472004611
14:002195382755717
15:002492992706561
WHAT THE NUMBERS SAY

Standard Beach sea wins more than Geo sea's 50% and gets its Shipyard up faster, using early sea access before falling behind on land resources.

  • + Shipyard finishes by 1:57, faster than Geo sea's 3:18
  • + 54% team win rate beats the Cortex geo sea baseline
  • − Metal produced trails Geo sea's Cortex build, 24356 vs 28451 by 15:00
  • − T2 factory only lands in 35% of games by 12:42
THE EXAMPLE YOU ARE READING

avaken

42.4 OS · 09/08/2026

Open source match ↗

2 received units · includes a constructor
48 metal received · 54993 energy received

Allied construction assistance is unknown. Timings are observations, not a promise of solo reproducibility.

Typical milestones

Shipyard1:57Middle 50%: 1:44–2:08 · n=875
Riptide3:52Middle 50%: 3:16–4:34 · n=863
Oppressor5:11Middle 50%: 4:16–6:08 · n=848
Advanced Metal Extractor9:58Middle 50%: 9:16–10:53 · n=743

Played most by

EpicTyrannus85games of this buildDamsko67games of this buildWaboum64games of this buildPRO_HYDRA60games of this buildMrCoolPotato51games of this build